 Dungeon Crawl Stone Soup version 0.28-a0-1518-gbe868bca14 (webtiles) character file.

Game seed: 14612035762256756917

18160 hashsling the Destroyer (level 12, -10/72 HPs)
             Began as a Tengu Conjurer on Jan 16, 2022.
             Was a Priest of Sif Muna.
             Mangled by Erica (11 damage)
             ... on level 8 of the Dungeon.
             The game lasted 01:21:39 (17529 turns).

hashsling the Destroyer (Tengu Conjurer)           Turns: 17529, Time: 01:21:39

Health: -10/72     AC: 11    Str: 10    XL:     12   Next: 55%
Magic:  20/28      EV: 12    Int: 22    God:    Sif Muna [***...]
Gold:   782        SH:  0    Dex: 12    Spells: 12/19 levels left

rFire   . . .      SeeInvis .   B - staff of conjuration
rCold   . . .      Faith    .   V - +0 buckler
rNeg    . . .      Spirit   .   w - +2 scale mail of the Comet {MP+9}
rPois   +          Reflect  .   (helmet restricted)
rElec   .          Harm     .   G - +0 cloak
rCorr   +          Rampage  .   (no gloves)
Will    .....                   (boots unavailable)
Stlth   ..........              o - amulet of regeneration
HPRegen 1.02/turn               d - ring of resist corrosion
MPRegen 0.21/turn               Q - ring of poison resistance

@: confused, flying quickly and evasively, slowed, very slow
A: beak, talons 3, nimble flight
a: Renounce Religion, Channel Magic, Forget Spell


You were on level 8 of the Dungeon.
You worshipped Sif Muna.
Sif Muna was most pleased with you.
You visited 3 branches of the dungeon, and saw 15 of its levels.
You also visited: Sewer.

You collected 782 gold pieces.

Inventory:

Hand Weapons
 p - a +3 shortbow
Missiles
 U - a throwing net
Armour
 l - a +2 tower shield
 t - the +3 leather armour of Noshid {rC+ rN++ Dex-2 Slay+2}
   (You took it off a goblin on level 10 of the Dungeon)

   Dex:       It affects your dexterity (-2).
   Slay:      It affects your accuracy & damage with ranged weapons and melee
   (+2).
   rC:        It protects you from cold.
   rN:        It greatly protects you from negative energy.
 w - the +2 scale mail of the Comet (worn) {MP+9}
   (You found it on level 5 of the Dungeon)

   MP:        It affects your magic capacity (+9).
 G - a +0 cloak (worn)
 V - a +0 buckler (worn)
Magical Staves
 B - a staff of conjuration (weapon)
Jewellery
 d - a ring of resist corrosion (left hand)
 o - an amulet of regeneration (around neck)
 r - an amulet of reflection
 D - a ring of see invisible
 L - an amulet of guardian spirit
 O - a ring of protection from cold
 Q - a ring of poison resistance (right hand)
Wands
 g - a wand of acid (11)
 n - a wand of flame (60)
 F - a wand of iceblast (9)
 H - a wand of paralysis (3)
 K - a wand of polymorph (6)
Scrolls
 c - 3 scrolls of immolation {unknown}
 f - 2 scrolls of teleportation
 h - 3 scrolls of fog
 j - 2 scrolls of enchant weapon {unknown}
 v - a scroll of fear {unknown}
 x - 5 scrolls of noise
 y - 2 scrolls of vulnerability {unknown}
 z - a scroll of amnesia {unknown}
 A - a scroll of magic mapping {unknown}
 C - a scroll of summoning {unknown}
 J - 2 scrolls of blinking {unknown}
 M - a scroll of silence {unknown}
 P - 2 scrolls of identify
 R - a scroll of torment {unknown}
 S - a scroll of brand weapon {unknown}
Potions
 a - 2 potions of curing
 b - 2 potions of lignification {unknown}
 e - 5 potions of attraction
 i - 4 potions of flight {unknown}
 k - 2 potions of invisibility {unknown}
 m - a potion of ambrosia {unknown}
 q - a potion of magic {unknown}
 s - 2 potions of cancellation {unknown}
 u - a potion of might {unknown}
 E - 2 potions of mutation {unknown}
 N - a potion of berserk rage {unknown}
 T - a potion of resistance {unknown}
Miscellaneous
 I - a piece from Xom's chessboard (15/15)


   Skills:
 - Level 7.0 Fighting
 * Level 10.6 Staves
 - Level 8.0 Armour
 - Level 8.0 Dodging
 - Level 2.0 Stealth
 * Level 2.4 Shields
 * Level 4.4 Spellcasting
 * Level 14.8 Conjurations
 - Level 5.0 Evocations


You had 12 spell levels left.
You knew the following spells:

 Your Spells              Type           Power      Damage    Failure   Level
a - Magic Dart            Conj           100%       1d8       1%          1
b - Searing Ray           Conj           100%       2d8       1%          2
c - Iskenderun's Mystic   Conj/Tloc      54%        2d12      34%         4

Your spell library contained the following spells:

 Spells                   Type           Power      Damage    Failure   Level
 Dazzling Flash           Conj/Hex       100%       N/A       11%         3
 Mephitic Cloud           Conj/Pois/Air  39%        N/A       28%         3
 Flame Wave               Conj/Fire      54%        2d9       34%         4
 Fulminant Prism          Conj/Hex       27%        3d14      34%         4
 Hailstorm                Conj/Ice       54%        3d12      34%         4
 Animate Skeleton         Necr           8%         N/A       58%         1
 Freeze                   Ice            16%        1d4       58%         1
 Pain                     Necr           16%        1d4       58%         1
 Irradiate                Conj/Tmut      27%        3d22      67%         5
 Lightning Bolt           Conj/Air       27%        1d43      67%         5
 Call Imp                 Summ           4%         N/A       73%         2
 Scorch                   Fire           8%         2d5       73%         2
 Sublimation of Blood     Necr           4%         N/A       73%         2
 Wereblood                Tmut           4%         N/A       73%         2
 Frozen Ramparts          Ice            8%         1d2       91%         3
 Vampiric Draining        Necr           4%         2d6       91%         3
 Airstrike                Air            2%         N/A       100%        4
 Animate Dead             Necr           2%         N/A       100%        4
 Summon Lightning Spire   Summ/Air       4%         N/A       100%        4
 Blade Hands              Tmut           2%         N/A       100%        5
 Borgnjor's Vile Clutch   Necr/Erth      2%         N/A       100%        5
 Lee's Rapid Deconstruct  Erth           2%         3d5*      100%        5
 Summon Forest            Summ/Tloc      2%         N/A       100%        5
 Summon Mana Viper        Hex/Summ       4%         N/A       100%        5
 Death Channel            Necr           2%         N/A       100%        6
 Summon Cactus Giant      Summ           2%         N/A       100%        6
 Dragon Form              Tmut           2%         N/A       100%        7
 Malign Gateway           Summ/Tloc      2%         N/A       100%        7
 Summon Hydra             Summ           2%         N/A       100%        7
 Summon Horrible Things   Summ           2%         N/A       100%        8


Dungeon Overview and Level Annotations

Branches:
Dungeon (11/15)            Temple (1/1) D:7            Lair (3/6) D:11
 Shoals (0/4) Lair:3        Snake (0/4) Lair:3          Orc (0/2) D:9
  Sewer (visited)

Altars:
Ashenzari
Cheibriados
Dithmenos
Elyvilon
Fedhas
Gozag
Hepliaklqana
Kikubaaqudgha
Makhleb
Nemelex Xobeh
Okawaru
Qazlal
Ru
Sif Muna
Trog
Uskayaw
Vehumet
Wu Jian
Xom
Yredelemnul
Zin
The Shining One

Annotations:
D:8 Erica
D:11 Fannar, Harold


Innate Abilities, Weirdness & Mutations

You have a beak for a mouth.
You have claws for feet.
Your magical nature lets you fly swiftly and evasively.


Message History

Erica is severely wounded. (Press . to maintain the ray.) Erica mumbles some strange words.
Erica flickers and vanishes!
Deactivating autopickup; reactivate with Ctrl-A.
The searing ray hits something.
Something hits you! Something burns you. Something barely misses you.
The searing ray hits something.
You finish channelling your searing ray.
Something barely misses you.
Casting: Searing Ray (safe; 1% risk of failure)
Confirm with . or Enter, or press ? or * to list all spells.
You can't see any susceptible monsters within range! (Use Z to cast anyway.) Unknown command.
You hear some strange, mumbled words.
A lance of force appears from out of thin air!
The lance of force hits you!!
You are knocked back by the lance of force.
You slam into the rock wall!
You hear some strange, mumbled words.
You are confused.
Something hits you! Something burns you. Something hits you.
Something burns you.
* * * LOW HITPOINT WARNING * * *
You hit something.
You blast something.
Something hits you!
* * * LOW HITPOINT WARNING * * *
Something burns you.
* * * LOW HITPOINT WARNING * * *
You are too confused!
You bump into the rock wall.
Something hits you.
* * * LOW HITPOINT WARNING * * *
Something burns you.
* * * LOW HITPOINT WARNING * * *
You are too confused!
You're too confused to move!
Something hits you.
* * * LOW HITPOINT WARNING * * *
Something burns you.
* * * LOW HITPOINT WARNING * * *
Something hits you!
You die...

###§§§§§.§# #.# #§§..§§.#
#.# ###....§.§# #.#
.......##.# #.#
###..####.# #.#
###.......# #.#
..##.######### #.#
#.##.##......###.#######
#.##.##.P..P..##@#.....#
.....##..≈≈≈≈..#.#.###.###
#
#.........≈≈≈....#.#.....#
#
######...≈≈≈≈≈####.#.#.#.#
## #..P≈≈≈≈.# #.....#.# #.
#......P.# ###.###.# #.
##.######## #.# #.#######.
#...###### ##.###.........
#...#P..P# #.....#########


There were no monsters in sight!

Vanquished Creatures
  A hydra (D:10)
  4 two-headed ogres
  Pikel (D:5)
  An ugly thing (D:11)
  An oklob plant (Lair:3)
  A manticore (D:11)
  A black mamba (Lair:3)
  Joseph (D:7)
  An unseen horror (D:11)
  A rime drake (Lair:2)
  A kobold demonologist (D:11)
  4 cane toads
  3 komodo dragons (Lair:1)
  A polar bear (Lair:1)
  3 trolls (D:11)
  A meliai zombie (D:11)
  2 shadows
  Sigmund (D:3)
  3 wraiths
  13 yaks
  3 wyverns
  A basilisk (Lair:3)
  2 nagas (Lair:3)
  A steam dragon (D:9)
  2 vampire mosquitoes (D:11)
  Edmund (D:5)
  2 water moccasins
  Pargi (Sewer)
  7 black bears
  An orc warrior (D:10)
  2 sky beasts
  An ice beast (D:7)
  3 necrophages
  2 ogres
  5 centaurs
  4 lemures (D:5)
  Blork the orc (D:5)
  8 bullfrogs
  A wyvern zombie (D:6)
  A scorpion (D:5)
  A wyvern skeleton (D:7)
  5 killer bees (D:9)
  2 water moccasin skeletons
  8 wights
  3 electric eels
  4 howler monkeys
  3 centaur zombies
  6 hounds
  3 lava snakes (Lair:3)
  2 jellies
  2 orc priests
  A bullfrog skeleton (D:7)
  A centaur skeleton (D:6)
  4 iguanas
  Ijyb (D:3)
  13 orc wizards
  A killer bee zombie (D:8)
  A hound skeleton (D:5)
  A howler monkey zombie (D:9)
  6 gnolls
  8 adders
  2 white imps
  2 ufetubi (D:7)
  An adder skeleton (D:4)
  2 worms (D:4)
  4 dart slugs
  26 orcs
  2 ball pythons (D:4)
  11 endoplasms
  5 giant cockroaches
  12 goblins
  3 hobgoblins
  3 jackals (D:2)
  10 kobolds
  6 quokkas
  4 bats
  A frilled lizard (D:2)
  3 rats
  A bush (Lair:3)
  A fire vortex (Lair:3)
269 creatures vanquished.

Vanquished Creatures (others)
  15 fungi
  13 plants
  5 withered plants (D:8)
33 creatures vanquished.

Grand Total: 302 creatures vanquished

Notes
Turn   | Place    | Note
-------+----------+-------------------------------------------
     0 | D:1      | hashsling the Tengu Conjurer began the quest for the Orb.
     0 | D:1      | Reached XP level 1. HP: 10/10 MP: 4/4
   275 | D:1      | Reached XP level 2. HP: 15/15 MP: 1/6
   554 | D:1      | Found a faded altar of an unknown god.
   624 | D:1      | Reached skill level 6 in Conjurations
   915 | D:1      | Reached XP level 3. HP: 19/19 MP: 4/7
  1235 | D:2      | Reached XP level 4. HP: 18/24 MP: 0/8
  1238 | D:2      | Learned a level 2 spell: Searing Ray
  1243 | D:2      | Learned a level 4 spell: Iskenderun's Mystic Blast
  1541 | D:2      | Reached skill level 7 in Conjurations
  1925 | D:2      | Gained mutation: Your magical nature lets you fly swiftly
                  | and evasively. [Tengu growth]
  1925 | D:2      | Reached XP level 5. HP: 28/28 MP: 6/9
  2317 | D:3      | Found a hide-covered altar of Uskayaw.
  2339 | D:3      | Noticed Ijyb
  2365 | D:3      | Killed Ijyb
  2520 | D:3      | Found an opulent altar of Gozag.
  2747 | D:3      | Noticed Sigmund
  2752 | D:3      | Killed Sigmund
  2753 | D:3      | Reached skill level 1 in Fighting
  2753 | D:3      | Reached skill level 8 in Conjurations
  2753 | D:3      | Reached XP level 6. HP: 29/35 MP: 2/10
  3117 | D:4      | Identified the +2 robe of Xom's Brutal Revenge {Rampage
                  | *Corrode Slay+5 SInv}
  3512 | D:4      | Found a glowing drain.
  3585 | Sewer    | Entered a sewer
  3713 | Sewer    | Noticed Pargi
  3718 | Sewer    | Killed Pargi
  3719 | Sewer    | Reached XP level 7. HP: 40/40 MP: 1/11
  4103 | D:4      | Reached skill level 5 in Dodging
  4103 | D:4      | Reached skill level 9 in Conjurations
  4285 | D:4      | Found a snail-covered altar of Cheibriados.
  4693 | D:5      | Entered Level 5 of the Dungeon
  4876 | D:5      | Noticed Blork the orc
  5058 | D:5      | Identified the +2 scale mail of the Comet {MP+9}
  5145 | D:5      | Reached XP level 8. HP: 41/48 MP: 12/12
  5224 | D:5      | Killed Blork the orc
  5225 | D:5      | Reached skill level 1 in Armour
  5618 | D:5      | Noticed Edmund
  5629 | D:5      | Killed Edmund
  6002 | D:5      | Noticed Pikel
  6016 | D:5      | HP: 2/48 [Pikel (7)]
  6018 | D:5      | Killed Pikel
  6019 | D:5      | Reached skill level 10 in Conjurations
  6324 | D:6      | Reached XP level 9. HP: 38/53 MP: 13/13
  6622 | D:6      | Reached skill level 5 in Fighting
  7066 | D:6      | Reached skill level 1 in Evocations
  7667 | D:7      | Found a staircase to the Ecumenical Temple.
  7672 | Temple   | Entered the Ecumenical Temple
  7748 | Temple   | Became a worshipper of Sif Muna the Loreminder
  7847 | D:7      | Reached skill level 5 in Armour
  8017 | D:7      | Reached skill level 11 in Conjurations
  8120 | D:7      | Noticed Joseph
  8138 | D:7      | Killed Joseph
  8139 | D:7      | Reached skill level 5 in Staves
  8891 | D:7      | Reached XP level 10. HP: 60/60 MP: 11/14
  9482 | D:8      | Noticed Erica
  9843 | D:8      | Reached * piety under Sif Muna
 10536 | D:9      | Found a staircase to the Orcish Mines.
 10616 | D:9      | Reached skill level 12 in Conjurations
 11018 | D:9      | Noticed a two-headed ogre
 11286 | D:8      | Reached ** piety under Sif Muna
 11527 | D:9      | Killed a two-headed ogre
 11947 | D:10     | Entered Level 10 of the Dungeon
 12037 | D:10     | Found a radiant altar of Vehumet.
 12053 | D:10     | Reached XP level 11. HP: 46/67 MP: 15/15
 12495 | D:10     | Noticed a six-headed hydra
 13174 | D:10     | Identified the +3 leather armour of Noshid {rC+ rN++ Dex-2
                  | Slay+2}
 13493 | D:11     | Noticed a manticore
 13510 | D:11     | Killed a manticore
 13511 | D:11     | Reached skill level 13 in Conjurations
 13634 | D:11     | Noticed Fannar
 13720 | D:11     | Noticed a two-headed ogre
 13734 | D:11     | Killed a two-headed ogre
 13744 | D:11     | Noticed Harold
 13824 | D:11     | Found a staircase to the Lair.
 13843 | Lair:1   | Entered Level 1 of the Lair of Beasts
 15449 | Lair:2   | Reached skill level 14 in Conjurations
 15834 | Lair:3   | Reached XP level 12. HP: 59/72 MP: 13/17
 16033 | Lair:3   | Reached *** piety under Sif Muna
 16196 | Lair:3   | Found a staircase to the Shoals.
 16437 | Lair:3   | Reached skill level 10 in Staves
 16439 | Lair:3   | Found a staircase to the Snake Pit.
 17142 | D:11     | Noticed a two-headed ogre
 17142 | D:11     | Noticed a two-headed ogre
 17163 | D:11     | Killed a two-headed ogre
 17164 | D:11     | Reached skill level 1 in Shields
 17164 | D:11     | Reached skill level 5 in Evocations
 17167 | D:11     | Killed a two-headed ogre
 17205 | D:11     | HP: 1/72 [vampire mosquito (6)]
 17299 | D:10     | Killed a six-headed hydra
 17529 | D:8      | HP: 2/72 [something (3)]
 17529 | D:8      | Mangled by Erica

Illustrated notes

Levels and vault maps discovered:
D:1:      dpeg_arrival_water_fire, layout_basic,
          hellmonk_ecumenical_altar_prayer_group
D:2:      layout_loops_ring
D:3:      layout_basic, mainiacjoe_overflow_catch_the_wave, uniq_ijyb,
          uniq_sigmund
D:4:      layout_cave_pods, marbit_many_paths, cheibrodos_sewer_entry_drain
D:5:      layout_rooms, corexii_corridor_pit, nicolae_figureground_sparkle,
          uniq_pikel, uniq_crazy_yiuf_cottage, uniq_edmund, uniq_blork_the_orc
D:6:      layout_loops_cross
D:7:      layout_basic, minmay_temple_entry_arrows, grunt_tough_drop,
          uniq_joseph
D:8:      layout_loops_cross, serial_undead, serial_undead_b, serial_undead_f,
          serial_undead_f, serial_undead_f, minmay_misc_feat_room, uniq_erica
D:9:      layout_loops_ring, orc_0_dummy, hangedman_decor_riveting
D:10:     minmay_general_purpose_star, layout_basic,
          nicolae_vehumet_altar_sigil, enter_bailey_5, dk_vineyard_3
D:11:     gammafunk_indiana_jones, layout_irregular_city, dpeg_oklobed_lair,
          st_stairs_13, kennysheep_kite_vault, uniq_fannar, uniq_harold
Temple:   compressed_dpeg_circular_temple
Lair:1:   layout_cave_pods, beast_lair_carwin_3
Lair:2:   layout_chaotic_city
Lair:3:   layout_chaotic_city, minmay_shoals_entry_hut,
          guppyfry_snake_entry_island, minmay_lair_oklob_items,
          nicolae_lair_liquid_snakes

Skill      XL: |  1  2  3  4  5  6  7  8  9 10 11 12 |
---------------+-------------------------------------+-----
Conjurations   | 6 7 8 9 10 11 12 14 | 14.8
Dodging        | 3 4 5 6 7 8 |  8.0
Fighting       | 1 2 3 4 6 7 |  7.0
Armour         | 4 5 7 8 |  8.0
Staves         | 3 5 7 9 10 | 10.6
Evocations     | 3 4 5 |  5.0
Spellcasting   | 4 |  4.4
Shields        | 2 |  2.4
Stealth        | |  2.0

Action                   |  1- 3 |  4- 6 |  7- 9 | 10-12 || total
-------------------------+-------+-------+-------+-------++-------
Melee: Club              |     3 |       |       |       ||     3
       Peck              |     1 |     2 |    10 |    31 ||    44
       Spear             |     3 |    10 |       |       ||    13
       Kick              |       |     4 |    15 |    56 ||    75
       Scythe            |       |    11 |    17 |       ||    28
       Staff             |       |       |    29 |   132 ||   161
       Punch             |       |       |       |     2 ||     2
 Cast: Magic Dart        |    54 |   130 |   188 |   231 ||   603
       Searing Ray       |       |     4 |    23 |    89 ||   116
       Iskenderun's Myst |       |     1 |       |       ||     1
Evoke: Wand              |       |       |       |    42 ||    42
  Use: Potion            |       |     1 |     2 |     8 ||    11
       Scroll            |       |       |     4 |     7 ||    11
 Stab: Sleeping          |     1 |       |       |       ||     1
Armor: Robe              |     1 |     5 |     2 |       ||     8
       Scale mail        |       |       |    33 |    85 ||   118
Dodge: Dodged            |    11 |    33 |    57 |   176 ||   277
Block: Other             |       |       |    22 |    24 ||    46
       Reflection        |       |       |     3 |     4 ||     7
       Buckler           |       |       |       |     6 ||     6

Table legend: (Time is in decaauts)
 A = Elapsed time spent in this place.
 B = Non-inter-level travel time spent in this place.
 C = Inter-level travel time spent in this place.
 D = Time resting spent in this place.
 E = Time spent auto-exploring this place.
 F = Levels seen in this place.
 G = Mean time per level.
                   A        B        C        D        E       F      G
               +--------+--------+--------+--------+--------+-----+--------+
         Total |  16708 |  16457 |    251 |    499 |  12272 |  16 | 1044.2 |
       Dungeon |  13462 |  13255 |    207 |    387 |   9713 |  11 | 1223.8 |
        Temple |     77 |     77 |      0 |      0 |     53 |   1 |   77.0 |
          Lair |   2865 |   2822 |     43 |    112 |   2234 |   3 |  955.0 |
         Sewer |    302 |    302 |      0 |      0 |    271 |   1 |  302.0 |
               +--------+--------+--------+--------+--------+-----+--------+

Top non-repeatable levels by time:
     D:7: 1677 daAuts
     D:5: 1466 daAuts
     D:9: 1447 daAuts
     D:4: 1338 daAuts
     D:6: 1263 daAuts
    D:10: 1234 daAuts
  Lair:1: 1224 daAuts
     D:8: 1106 daAuts
     D:2: 1071 daAuts
     D:1: 1049 daAuts
  Lair:3: 1009 daAuts
    D:11: 920 daAuts
     D:3: 887 daAuts
  Lair:2: 631 daAuts
   Sewer: 302 daAuts
